 Dungeon Crawl Stone Soup version 0.30-a0-930-gb9d0489357 (webtiles) character file.

Game seed: 13184619505559362429

0 Nyon the Skirmisher (level 1, 20/20 HPs)
             Began as a Gnoll Hunter on Mar 23, 2023.
             Got out of the dungeon alive.
             The game lasted 00:00:39 (68 turns).

Nyon the Skirmisher (Gnoll Hunter)                    Turns: 68, Time: 00:00:39

Health: 20/20      AC:  3    Str: 10    XL:     1   Next: 10%
Magic:  1/1        EV: 13    Int:  8    God:
Gold:   3          SH:  0    Dex: 15    Spells: 0/0 levels left

rFire   . . .      SeeInvis +    a - +0 shortbow
rCold   . . .      Faith    .    (shield currently unavailable)
rNeg    . . .      Spirit   .    c - +0 leather armour
rPois   .          Reflect  .    (no helmet)
rElec   .          Rampage  .    (no cloak)
rCorr   .                        (no gloves)
Will    .....                    (no boots)
Stlth   ++                       (no amulet)
HPRegen 0.23/turn                e - ring of see invisible
MPRegen 0.07/turn                (no ring)

@: no status effects
A: fangs 1, strong nose, distributed training
a: no special abilities


You escaped.
You visited 1 branch of the dungeon, and saw 1 of its levels.

You collected 3 gold pieces.

Inventory:

Hand Weapons
 a - a +0 shortbow (weapon)
Armour
 c - a +0 leather armour (worn)
Jewellery
 e - a ring of see invisible (left hand)
Scrolls
 b - a scroll of immolation
 d - 3 scrolls of magic mapping {unknown}
Potions
 f - a potion of might {unknown}


   Skills:
 + Level 4.4 Fighting
 + Level 0.0 Short Blades
 + Level 0.0 Long Blades
 + Level 0.0 Axes
 + Level 0.0 Maces & Flails
 + Level 0.0 Polearms
 + Level 0.0 Staves
 + Level 8.4 Ranged Weapons
 + Level 0.0 Throwing
 + Level 0.0 Armour
 + Level 4.4 Dodging
 + Level 2.1 Stealth
 + Level 0.0 Shields
 + Level 0.0 Unarmed Combat
 + Level 0.0 Spellcasting
 + Level 0.0 Conjurations
 + Level 0.0 Hexes
 + Level 0.0 Summonings
 + Level 0.0 Necromancy
 + Level 0.0 Translocations
 + Level 0.0 Transmutations
 + Level 0.0 Fire Magic
 + Level 0.0 Ice Magic
 + Level 0.0 Air Magic
 + Level 0.0 Earth Magic
 + Level 0.0 Poison Magic
 + Level 0.0 Invocations
 + Level 0.0 Evocations


You couldn't memorise any spells.
You didn't know any spells.
Your spell library contained the following spells:

 Spells                   Type           Power      Damage    Failure   Level
 Apportation              Tloc           0%         N/A       52%         1
 Necrotise                Necr           0%         1d4       52%         1
 Summon Small Mammal      Summ           0%         N/A       52%         1


Dungeon Overview and Level Annotations

Branches:
Dungeon (1/15)

Altars:


Innate Abilities, Weirdness & Mutations

You have very sharp teeth.
Your uncanny sense of smell can sniff out nearby items.
Your experience applies equally to all skills.


Message History

A ball python is nearby!
There's something in the way.
There's something in the way.
There's something in the way.
You see here 3 scrolls labelled JEEDWI NUSTUG.
You see here 3 scrolls labelled JEEDWI NUSTUG.
d - 3 scrolls labelled JEEDWI NUSTUG The ball python hisses angrily.
A ball python is nearby!
There's something in the way.
The ball python bites you. The ball python closely misses you.
You shoot an arrow.
The arrow closely misses the ball python.
The ball python misses you. The ball python grabs you.
The ball python constricts you.
You shoot an arrow. The arrow hits the ball python!
You kill the ball python!
No target in view!
No target in view!
No target in view!
No target in view!
No target in view!
No target in view!
No target in view!
No target in view!
HP restored.
Found 5 large rocks.
You now have 3 gold pieces.
You pick up a book of Cantrips and begin reading...
You add the spells Necrotise, Summon Small Mammal and Apportation to your library.
Found a stone staircase leading down.
e - a ring of see invisible
e - a ring of see invisible (left hand)
f - a purple potion
Found a glowing jade amulet.
There is a staircase leading out of the dungeon here.
Are you sure you want to leave the Dungeon?
This will make you lose the game!
You have escaped!

#......#... ......
######.#....#.# #....
......#......#####..##.## #∆
#.###..#..#.............
#.##..#..#.#...###...###.##
###.......#...#.......(#.....
.....#####.....#####...#.#.#.
#..#...........#......# #
##..#....@....#..#....#
#..#.........#..#.##...#
#...#...........#...####.#
##.#####.....#####..# .#
#......#...#...[........>"
######..#.#..##....######.
##..#..######## . ##...##
####


There were no monsters in sight!

Vanquished Creatures
  A ball python (D:1)
1 creature vanquished.

Notes
Turn   | Place    | Note
-------+----------+-------------------------------------------
     0 | D:1      | Nyon the Gnoll Hunter began the quest for the Orb.
     0 | D:1      | Reached XP level 1. HP: 20/20 MP: 1/1
    68 | D:$      | Got out of the dungeon alive.

Illustrated notes

Levels and vault maps discovered:
D:1:      scummos_arrival_star, layout_basic,
          shapermc_ecumenical_altar_rom_forum

Action                     || total
---------------------------++-------
   Fire: Shortbow          ||     2
  Dodge: Dodged            ||     2

Table legend: (Time is in decaauts)
 A = Elapsed time spent in this place.
 B = Non-inter-level travel time spent in this place.
 C = Inter-level travel time spent in this place.
 D = Time resting spent in this place.
 E = Time spent auto-exploring this place.
 F = Levels seen in this place.
 G = Mean time per level.
                   A        B        C        D        E       F      G
               +--------+--------+--------+--------+--------+-----+--------+
         Total |     67 |     61 |      6 |      0 |     30 |   1 |   67.0 |
       Dungeon |     67 |     61 |      6 |      0 |     30 |   1 |   67.0 |
               +--------+--------+--------+--------+--------+-----+--------+

Top non-repeatable levels by time:
     D:1: 67 daAuts
